 Dungeon Crawl Stone Soup version 0.23.1-37-gaa34b87 (webtiles) character file.

Game seed: 10626091619037723683

39 Arkeny the Magician (level 3, -2/16 HPs)
             Began as a Spriggan Wizard on Mar 23, 2019.
             Hit by a tomahawk thrown by an orc (8 damage)
             ... on level 2 of the Dungeon.
             The game lasted 00:11:16 (1415 turns).

Arkeny the Magician (Spriggan Wizard)               Turns: 1415, Time: 00:11:17

Health: -2/16      AC:  2    Str:  3    XL:     3   Next: 26%
Magic:  1/10       EV: 18    Int: 25    God:
Gold:   34         SH:  0    Dex: 14    Spells: 11/12 levels left

rFire    + . .     SeeInvis +   e - +1 club
rCold    . . .     Gourm    .   (shield restricted)
rNeg     . . .     Faith    .   a - +0 robe
rPois    .         Spirit   .   b - +0 hat
rElec    .         Reflect  .   (no cloak)
rCorr    .         Harm     .   (gloves unavailable)
MR       .....                  (boots unavailable)
Stlth    ++........             (no amulet)
HPRegen  0.05/turn              j - ring of protection from fire
MPRegen  0.12/turn              (no ring)

@: brilliant, very quick
A: very small, unfitting armour, see invisible, herbivore, speed 3, slow
metabolism 2
a: no special abilities


You were on level 2 of the Dungeon.
You were not hungry.

You visited 1 branch of the dungeon, and saw 2 of its levels.

You collected 34 gold pieces.

Inventory:

Hand Weapons
 e - a +1 club (weapon)
Armour
 a - a +0 robe (worn)
 b - a +0 hat (worn)
Jewellery
 j - a ring of protection from fire (left hand)
Scrolls
 h - 2 scrolls of enchant weapon
Potions
 c - 2 potions of degeneration
Comestibles
 d - a ration


   Skills:
 + Level 0.1 Armour
 + Level 3.5 Dodging
 - Level 3.0 Stealth
 * Level 5.2 Spellcasting
 - Level 0.6 Conjurations
   Level 0.7 Summonings
   Level 1.5 Translocations


You had 11 spell levels left.
You knew the following spells:

 Your Spells              Type           Power        Failure   Level  Hunger
a - Magic Dart            Conj           ###.         1%          1    None

Your spell library contained the following spells:

 Spells                   Type           Power        Failure   Level  Hunger
 Blink                    Tloc           N/A          1%          2    None
 Call Imp                 Summ           ####....     1%          2    None
 Slow                     Hex            ###.....     1%          2    None
 Conjure Flame            Conj/Fire      ###.....     2%          3    #......
 Mephitic Cloud           Conj/Pois/Air  ###.....     2%          3    #......


Dungeon Overview and Level Annotations

Branches:
Dungeon (2/15)

Altars:


Innate Abilities, Weirdness & Mutations

You are very small and have problems with some larger weapons.
You are too small for most types of armour.
You have supernaturally acute eyesight. (SInv)
You are a herbivore.
You cover ground extremely quickly.
You need to consume almost no food.


Message History

Casting: Magic Dart (safe; 1% risk of failure)
Confirm with . or Enter, or press ? or * to list all spells.
Aiming: Magic Dart (safe; 1% risk of failure)
Press: ? - help, Shift-Dir - straight line, f - giant cockroach
Aim: a giant cockroach (heavily wounded, clinging)
The magic dart hits the giant cockroach but does no damage.
The giant cockroach is heavily wounded.
An orc comes into view. It is wielding a +0 flail.
The giant cockroach completely misses you.
Casting: Magic Dart (safe; 1% risk of failure)
Confirm with . or Enter, or press ? or * to list all spells.
Aiming: Magic Dart (safe; 1% risk of failure)
Press: ? - help, Shift-Dir - straight line, f/p - giant cockroach
Aim: a giant cockroach (heavily wounded, clinging)
The magic dart hits the giant cockroach.
You kill the giant cockroach!
The orc shouts!
You hear a shout!
The orc throws a tomahawk.
The tomahawk hits you!
Ouch! That really hurt!
You die...

**** **####*** *,>* *,.....,*
,,,*****,.....,*
,,**,,,*,......*
***,,,,,,......###
,,,,,,**,......†@###
,,,,,,**,......#...## #####
,,,,,,**,....),###..###...##
***,,,***####*** ##.##.....##
+,**,,* *,,,,,* #.........#
,,,*,,* *,,,,,* ##....^...#
*,>*,,****,,,,,* #........#
****,,,,**,,,,,* *####.o...##
,,,,,,*,,,,,,,,***.........##


You could see an orc.

Vanquished Creatures
  An ooze (D:1)
  A worm (D:2)
  3 dart slugs
  3 bats (D:1)
  2 giant cockroaches
  2 goblins (D:1)
  4 hobgoblins (D:1)
  2 jackals (D:2)
  A ball python (D:1)
  2 frilled lizards (D:1)
  4 rats
25 creatures vanquished.

Notes
Turn   | Place    | Note
-------+----------+-------------------------------------------
     0 | D:1      | Arkeny the Spriggan Wizard began the quest for the Orb.
     0 | D:1      | Reached XP level 1. HP: 9/9 MP: 6/6
   411 | D:1      | Reached XP level 2. HP: 13/13 MP: 0/8
   759 | D:1      | Reached skill level 5 in Spellcasting
  1273 | D:2      | Reached XP level 3. HP: 16/16 MP: 7/10
  1415 | D:2      | Hit by a tomahawk thrown by an orc

Skill      XL: |  1  2 |
---------------+-------+-----
Spellcasting   | 5 |  5.2
Armour         | |  0.1
Dodging        | |  3.5
Stealth        | |  3.0
Conjurations   | |  0.6
Summonings     | |  0.7
Translocations | |  1.5

Action                   || total
-------------------------++-------
Melee: Club              ||    41
 Cast: Magic Dart        ||    69
  Use: Scroll            ||     4
       Potion            ||     4
Armor: Skin              ||    59
       Robe              ||     3
Dodge: Dodged            ||    40
